PA
GALESBURG GUZZLERS @ GWINNETT COUNTY BLACK CATS
08/15/2023
 
TOP OF THE 1ST
Galesburg Guzzlers batting - Pitching for Gwinnett County Black Cats : RHP Norman Stevens
Pitching: RHP Norman Stevens
Batting: RHB José Díaz 0-0: Called Strike
0-1: Ball
1-1: Swinging Strike
1-2: Foul Ball, location: 2F
1-2: Strikes out swinging
Batting: RHB Bubba Blevins 0-0: Ball
1-0: Ball
2-0: Ball
3-0: Called Strike
3-1: Base on Balls
Batting: LHB Chris Etheridge 0-0: Grounds into double play, 6-4-3 (Groundball, 6)
Top of the 1st over - 0 run(s), 0 hit(s), 0 error(s), 0 left on base; Galesburg 0 - Gwinnett County 0
BOTTOM OF THE 1ST
Gwinnett County Black Cats batting - Pitching for Galesburg Guzzlers : RHP Fernando Ramírez
Pitching: RHP Fernando Ramírez
Batting: RHB Aaron Taylor 0-0: Ball
1-0: Foul Ball, location: 2F
1-1: Ball
2-1: Fly out, F8 (Line Drive, 8LM)
Batting: RHB Vicente Espinoza 0-0: Ground out 4-3 (Groundball, 34)
Batting: LHB Jorge Borbón 0-0: Foul Ball, location: 2F
0-1: Ball
1-1: Swinging Strike
1-2: Fly out, F8 (Flyball, 8LD)
Bottom of the 1st over - 0 run(s), 0 hit(s), 0 error(s), 0 left on base; Galesburg 0 - Gwinnett County 0
TOP OF THE 2ND
Galesburg Guzzlers batting - Pitching for Gwinnett County Black Cats : RHP Norman Stevens
Batting: RHB Javier De Jesús 0-0: Ball
1-0: Foul Ball, location: 2F
1-1: Called Strike
1-2: Fly out, F6 (Popup, 6)
Batting: RHB Tripp Donahue 0-0: Ground out 6-3 (Groundball, 6)
Batting: RHB Toussiant L'Ouverture 0-0: Called Strike
0-1: Reached on Error, E9 (Flyball, 9M)
Batting: RHB Pierre Bernard 0-0: Ground out U3 (Groundball, 3S)
Top of the 2nd over - 0 run(s), 0 hit(s), 1 error(s), 1 left on base; Galesburg 0 - Gwinnett County 0
BOTTOM OF THE 2ND
Gwinnett County Black Cats batting - Pitching for Galesburg Guzzlers : RHP Fernando Ramírez
Batting: LHB Willis Baker 0-0: Ball
1-0: Ball
2-0: Foul Ball, location: 2F
2-1: Ground out 4-3 (Groundball, 4)
Batting: RHB John Townsend 0-0: SOLO HOME RUN (Flyball, 89XD), Distance : 428 ft
Batting: RHB Addie Kattenberg 0-0: Called Strike
0-1: Ball
1-1: Fly out, F8 (Flyball, 8LM)
Batting: LHB Jace McNulty 0-0: Ball
1-0: Ball
2-0: Ball
3-0: Called Strike
3-1: Ground out 4-3 (Groundball, 34)
Bottom of the 2nd over - 1 run(s), 1 hit(s), 0 error(s), 0 left on base; Galesburg 0 - Gwinnett County 1
TOP OF THE 3RD
Galesburg Guzzlers batting - Pitching for Gwinnett County Black Cats : RHP Norman Stevens
Batting: RHB Gabrio Campoverde 0-0: Foul Ball, location: 2F
0-1: Ball
1-1: Foul Ball, location: 2F
1-2: Strikes out looking
Batting: RHB Roland Deschain 0-0: Ball
1-0: Ball
2-0: Swinging Strike
2-1: Swinging Strike
2-2: Strikes out swinging
Batting: RHB José Díaz 0-0: Ball
1-0: SINGLE (Line Drive, 56D)
Batting: RHB Bubba Blevins 0-0: Ball
1-0: SINGLE (Line Drive, 6MD)
José Díaz to second
Runner from 2nd tries for 3rd, SAFE, throw made to third
Bubba Blevins to second
Batting: LHB Chris Etheridge 0-0: Called Strike
0-1: Ball
1-1: Called Strike
1-2: Strikes out swinging
Top of the 3rd over - 0 run(s), 2 hit(s), 0 error(s), 2 left on base; Galesburg 0 - Gwinnett County 1
BOTTOM OF THE 3RD
Gwinnett County Black Cats batting - Pitching for Galesburg Guzzlers : RHP Fernando Ramírez
Batting: RHB Clarence Weber 0-0: Foul Ball, location: 2F
0-1: Ground out 5-3 (Groundball, 56)
Batting: RHB Luis Guerrero 0-0: Foul Ball, location: 2F
0-1: Fly out, F7 (Flyball, 78M)
Batting: RHB Aaron Taylor 0-0: Called Strike
0-1: Fly out, F7 (Flyball, 7M)
Bottom of the 3rd over - 0 run(s), 0 hit(s), 0 error(s), 0 left on base; Galesburg 0 - Gwinnett County 1
TOP OF THE 4TH
Galesburg Guzzlers batting - Pitching for Gwinnett County Black Cats : RHP Norman Stevens
Batting: RHB Javier De Jesús 0-0: Ball
1-0: Ball
2-0: Called Strike
2-1: Fly out, F7 (Flyball, 7D)
Batting: RHB Tripp Donahue 0-0: SINGLE (Line Drive, 6MD)
Batting: RHB Toussiant L'Ouverture 0-0: Ball
1-0: Called Strike
1-1: Ball
2-1: SINGLE (Groundball, 56D)
Tripp Donahue to second
Batting: RHB Pierre Bernard 0-0: Called Strike
0-1: Ball
1-1: Foul Ball, location: 2F
1-2: Foul Ball, location: 2F
1-2: Foul Ball, location: 2F
1-2: Ball
2-2: SINGLE (Line Drive, 8RS)
Tripp Donahue to third
Toussiant L'Ouverture to second
Runner from 3rd tries for Home, SAFE, no throw or cutoff
Batting: RHB Gabrio Campoverde 0-0: Foul Ball, location: 2F
0-1: Swinging Strike
0-2: Ball
1-2: SINGLE (Line Drive, 5D)
Toussiant L'Ouverture to third
Pierre Bernard to second
Batting: RHB Roland Deschain 0-0: Swinging Strike
0-1: Fly out, F8 (Flyball, 8RM)
Runner from 3rd tags up, SCORES, throw made
Batting: RHB José Díaz 0-0: Ball
1-0: Ball
2-0: SINGLE (Flyball, 9LS)
Pierre Bernard to third
Gabrio Campoverde to second
Runner from 3rd tries for Home, SAFE, no throw or cutoff
Batting: RHB Bubba Blevins 0-0: Called Strike
0-1: Ball
1-1: Foul Ball, location: 2F
1-2: Fly out, F9 (Flyball, 9M)
Top of the 4th over - 3 run(s), 5 hit(s), 0 error(s), 2 left on base; Galesburg 3 - Gwinnett County 1
BOTTOM OF THE 4TH
Gwinnett County Black Cats batting - Pitching for Galesburg Guzzlers : RHP Fernando Ramírez
Batting: RHB Vicente Espinoza 0-0: Called Strike
0-1: Ball
1-1: Ball
2-1: Swinging Strike
2-2: Ball
3-2: Reaches on Catchers interference
Batting: LHB Jorge Borbón 0-0: Called Strike
0-1: Foul Ball, location: 2F
0-2: Ball
1-2: Ball
2-2: SINGLE (Groundball, 34S)
Vicente Espinoza to second
Runner from 2nd tries for 3rd, SAFE, throw made to third
Batting: LHB Willis Baker 0-0: Foul Ball, location: 2F
0-1: Ball
1-1: Ball
2-1: Ball
3-1: Base on Balls
Jorge Borbón to second
Batting: RHB John Townsend 0-0: Called Strike
0-1: Foul Ball, location: 2F
0-2: Grounds into double play, 5-4-3 (Groundball, 5)
Vicente Espinoza scores
Jorge Borbón to third
Batting: RHB Addie Kattenberg 0-0: Called Strike
0-1: Foul Ball, location: 2F
0-2: Strikes out swinging
Bottom of the 4th over - 1 run(s), 1 hit(s), 1 error(s), 1 left on base; Galesburg 3 - Gwinnett County 2
TOP OF THE 5TH
Galesburg Guzzlers batting - Pitching for Gwinnett County Black Cats : RHP Norman Stevens
Batting: LHB Chris Etheridge 0-0: Called Strike
0-1: Fly out, F4 (Popup, 4M)
Batting: RHB Javier De Jesús 0-0: Ball
1-0: Called Strike
1-1: Fly out, F8 (Flyball, 8RD)
Batting: RHB Tripp Donahue 0-0: Called Strike
0-1: Called Strike
0-2: Foul Ball, location: 2F
0-2: Foul Ball, location: 2F
0-2: Ground out 6-3 (Groundball, 56)
Top of the 5th over - 0 run(s), 0 hit(s), 0 error(s), 0 left on base; Galesburg 3 - Gwinnett County 2
BOTTOM OF THE 5TH
Gwinnett County Black Cats batting - Pitching for Galesburg Guzzlers : RHP Fernando Ramírez
Batting: LHB Jace McNulty 0-0: Ball
1-0: Fly out, F3 (Popup, 3F)
Batting: RHB Clarence Weber 0-0: Ball
1-0: Fly out, F9 (Line Drive, 9M)
Batting: RHB Luis Guerrero 0-0: Called Strike
0-1: Ball
1-1: Called Strike
1-2: Ball
2-2: Ball
3-2: Strikes out swinging
Bottom of the 5th over - 0 run(s), 0 hit(s), 0 error(s), 0 left on base; Galesburg 3 - Gwinnett County 2
TOP OF THE 6TH
Galesburg Guzzlers batting - Pitching for Gwinnett County Black Cats : RHP Norman Stevens
Batting: RHB Toussiant L'Ouverture 0-0: Ball
1-0: Ground out 5-3 (Groundball, 5)
Batting: RHB Pierre Bernard 0-0: Foul Ball, location: 2F
0-1: Foul Ball, location: 2F
0-2: Foul Ball, location: 2F
0-2: Ground out 6-3 (Groundball, 56)
Batting: RHB Gabrio Campoverde 0-0: Ball
1-0: Called Strike
1-1: Foul Ball, location: 2F
1-2: Foul Ball, location: 2F
1-2: Fly out, F8 (Flyball, 8RM)
Top of the 6th over - 0 run(s), 0 hit(s), 0 error(s), 0 left on base; Galesburg 3 - Gwinnett County 2
BOTTOM OF THE 6TH
Gwinnett County Black Cats batting - Pitching for Galesburg Guzzlers : RHP Fernando Ramírez
Batting: RHB Aaron Taylor 0-0: Ball
1-0: Foul Ball, location: 2F
1-1: Foul Ball, location: 2F
1-2: Foul Ball, location: 2F
1-2: Foul Ball, location: 2F
1-2: Foul Ball, location: 2F
1-2: Ball
2-2: Strikes out looking
Batting: RHB Vicente Espinoza 0-0: Ball
1-0: Ground out 6-3 (Groundball, 6M)
Batting: LHB Jorge Borbón 0-0: Called Strike
0-1: TRIPLE (Line Drive, 8RD)
Batting: LHB Willis Baker 0-0: Called Strike
0-1: Ball
1-1: Ball
2-1: Ground out 1-3 (Groundball, 15)
Bottom of the 6th over - 0 run(s), 1 hit(s), 0 error(s), 1 left on base; Galesburg 3 - Gwinnett County 2
TOP OF THE 7TH
Galesburg Guzzlers batting - Pitching for Gwinnett County Black Cats : RHP Norman Stevens
Batting: RHB Roland Deschain 0-0: Ball
1-0: Ball
2-0: Foul Ball, location: 2F
2-1: Swinging Strike
2-2: Ground out 6-3 (Groundball, 6)
Batting: RHB José Díaz 0-0: Ball
1-0: Ball
2-0: Called Strike
2-1: Ball
3-1: Base on Balls
Batting: RHB Bubba Blevins 0-0: Ball
1-0: Fly out, F9 (Flyball, 89M)
Pitching: RHP Héctor Salazar
Batting: LHB Chris Etheridge 0-0: Swinging Strike
0-1: Ball
1-1: Called Strike
1-2: Fly out, F8 (Flyball, 8RM)
Top of the 7th over - 0 run(s), 0 hit(s), 0 error(s), 1 left on base; Galesburg 3 - Gwinnett County 2
BOTTOM OF THE 7TH
Gwinnett County Black Cats batting - Pitching for Galesburg Guzzlers : RHP Fernando Ramírez
Batting: RHB John Townsend 0-0: Ball
1-0: Called Strike
1-1: Fly out, F3 (Popup, 3F)
Batting: RHB Addie Kattenberg 0-0: SINGLE (Line Drive, 8LS)
Pinch Hitting: RHB Orlando Sánchez 0-0: Ball
1-0: Called Strike
1-1: SINGLE (Line Drive, 8LS)
Addie Kattenberg to second
Pinch Hitting: RHB Jim Unknown 0-0: Ball
1-0: Ball
2-0: Swinging Strike
2-1: Ball
3-1: Swinging Strike
3-2: Base on Balls
Addie Kattenberg to third
Orlando Sánchez to second
Pinch Hitting: RHB Ghislain Vespucci 0-0: Called Strike
0-1: Ball
1-1: Called Strike
1-2: Strikes out looking
Pinch Hitting: LHB Jim Unknown 0-0: Ball
1-0: Fly out, F5 (Popup, 5S)
Bottom of the 7th over - 0 run(s), 2 hit(s), 0 error(s), 3 left on base; Galesburg 3 - Gwinnett County 2
TOP OF THE 8TH
Galesburg Guzzlers batting - Pitching for Gwinnett County Black Cats : RHP Héctor Salazar
Now at 2B: Ghislain Vespucci
Now at 3B: Jim Unknown
Now in CF: Gerardo Bramante
Now in RF: Jim Unknown
Batting: RHB Javier De Jesús 0-0: Called Strike
0-1: Ball
1-1: Ball
2-1: Foul Ball, location: 2F
2-2: DOUBLE (Line Drive, 7LM)
Batting: RHB Tripp Donahue 0-0: Intentional Walk
Batting: RHB Toussiant L'Ouverture 0-0: Bunt missed!
0-1: Sac Bunt - play at first, batter OUT! 2-4
Javier De Jesús to third
Tripp Donahue to second
Pinch Hitting: RHB Meka Knight 0-0: Intentional Walk
Pinch Hitting: RHB Frank Crocker 0-0: Fly out, F3 (Popup, 3S)
Pinch Hitting: RHB Jim Unknown 0-0: Ball
1-0: Ball
2-0: Ball
3-0: Base on Balls
Javier De Jesús scores
Tripp Donahue to third
Meka Knight to second
Pinch Hitting: RHB Mark Vidal 0-0: Foul Ball, location: 2F
0-1: Fly out, F6 (Popup, 5DF)
Top of the 8th over - 1 run(s), 1 hit(s), 0 error(s), 3 left on base; Galesburg 4 - Gwinnett County 2
BOTTOM OF THE 8TH
Gwinnett County Black Cats batting - Pitching for Galesburg Guzzlers : RHP Fernando Ramírez
Now at 1B: Jim Unknown
Now at 2B: Mark Vidal
Now at 3B: Fernando Rivera
Now in RF: Frank Crocker
Batting: RHB Vicente Espinoza 0-0: Ball
1-0: Foul Ball, location: 2F
1-1: Swinging Strike
1-2: Strikes out swinging
Batting: LHB Jorge Borbón 0-0: Ball
1-0: Ball
2-0: Called Strike
2-1: Foul Ball, location: 2F
2-2: SINGLE (Groundball, 34D)
Batting: LHB Willis Baker 0-0: Ball
1-0: SINGLE (Groundball, 25) (infield hit)
Jorge Borbón to second
Batting: RHB John Townsend 0-0: Ball
1-0: Ball
2-0: DOUBLE (Flyball, 9D)
Jorge Borbón scores
Willis Baker to third
Pinch Hitting: SHB Jim Unknown 0-0: Fly out, F7 (Flyball, 78M)
Batting: RHB Gerardo Bramante 0-0: Ball
1-0: Ball
2-0: Called Strike
2-1: Called Strike
2-2: Ball
3-2: DOUBLE (Line Drive, 4MD)
Willis Baker scores
John Townsend scores
Pitching: LHP Jim Unknown
Batting: RHB Jim Unknown 0-0: Called Strike
0-1: Ball
1-1: Ball
2-1: Foul Ball, location: 2F
2-2: Ball
3-2: Base on Balls
Batting: RHB Ghislain Vespucci 0-0: Called Strike
0-1: Swinging Strike
0-2: Ball
1-2: Ball
2-2: Foul Ball, location: 2F
2-2: Fly out, F3 (Line Drive, 3)
Bottom of the 8th over - 3 run(s), 4 hit(s), 0 error(s), 2 left on base; Galesburg 4 - Gwinnett County 5
TOP OF THE 9TH
Galesburg Guzzlers batting - Pitching for Gwinnett County Black Cats : RHP Héctor Salazar
Pitching: RHP Dave Woodes
Now at 2B: Jim Unknown
Batting: RHB Bubba Blevins 0-0: Ball
1-0: Called Strike
1-1: SINGLE (Line Drive, 4MD)
Batting: LHB Chris Etheridge 0-0: Called Strike
0-1: Swinging Strike
0-2: Foul Ball, location: 2F
0-2: Ball
1-2: Ball
2-2: Fielders Choice at 2nd, 4-6 (Groundball, 4)
Batting: RHB Javier De Jesús 0-0: Ball
1-0: Grounds into double play, 5-4-3 (Groundball, 56)
Top of the 9th over - 0 run(s), 1 hit(s), 0 error(s), 0 left on base; Galesburg 4 - Gwinnett County 5
This league is powered by Out of the Park Baseball, the baseball management simulation game for PC, Mac and Linux
Friday, July 8th, 2016 - OOTP Baseball 16.9 Build 39